 Dungeon Crawl Stone Soup version 0.32-a0-818-gb728d0252e (webtiles) character file.

Game seed: 15653226678278118893

241 smashvw the Trooper (level 6, -1/33 HPs)
             Began as a Vine Stalker Fighter on Mar 24, 2024.
             Slain by a gnoll
             ... wielding a +0 halberd
              (7 damage)
             ... on level 4 of the Dungeon.
             The game lasted 00:04:31 (1725 turns).

smashvw the Trooper (Vine Stalker Fighter)          Turns: 1725, Time: 00:04:32

Health: -1/33      AC:  8    Str: 19    XL:     6   Next: 8%
Magic:  0/7        EV:  6    Int:  8    God:
Gold:   173        SH:  5    Dex: 15    Spells: 5/5 levels left

rFire   . . .        f - +3 short sword (drain)
rCold   . . .        c - +0 buckler
rNeg    . . .        r - +0 chain mail
rPois   .            (no helmet)
rElec   .            j - scarf {harm}
rCorr   .            (no gloves)
SInv    .            (no boots)
Will    +....        (no amulet) Stlth
                     p - ring of willpower
HPRegen 1.05/turn    (no ring)
MPRegen 0.10/turn

%: harm (+30% outgoing, +20% incoming), guardian spirit
@: no status effects
A: fangs 2, regeneration 1, magic shield, antimagic bite, no potion heal 2
a: no special abilities


You were on level 4 of the Dungeon.
You visited 1 branch of the dungeon, and saw 4 of its levels.

You collected 173 gold pieces.

Inventory:

Hand Weapons
 a - a +0 flail
 f - a +3 short sword of draining (weapon)
 n - a +1 short sword of venom
Armour
 b - a +0 scale mail
 c - a +0 buckler (worn)
 j - a scarf of harm (worn)
 q - the +2 pair of boots of Ashrut {Rampage rElec Str-4 Int+2}
   (You found it on level 3 of the Dungeon)

   Str-4:     It affects your strength (-4).
   Int+2:     It affects your intelligence (+2).
   rElec:     It insulates you from electricity.
   Rampage:   It bestows one free step when moving towards enemies.
 r - a +0 chain mail (worn)
Jewellery
 p - a ring of willpower (left hand)
Scrolls
 d - 2 scrolls of teleportation {unknown}
 e - a scroll of amnesia {unknown}
 h - 2 scrolls of identify {unknown}
 i - 2 scrolls of enchant weapon {unknown}
 m - a scroll of enchant armour {unknown}
Potions
 g - a potion of heal wounds {unknown}
 k - a potion of magic {unknown}
 l - a potion of berserk rage {unknown}
 o - a potion of ambrosia {unknown}
 s - a potion of curing {unknown}


   Skills:
 + Level 4.1 Fighting
 + Level 2.6 Short Blades
 - Level 2.0 Maces & Flails
 - Level 2.4 Armour
 + Level 4.1 Shields


You had 5 spell levels left.
You didn't know any spells.
Your spell library was empty.

Dungeon Overview and Level Annotations

Branches:
Dungeon (4/15)
 Temple: D:4-7

Altars:

Annotations:
D:4 3 runed translucent doors, Azoth's ghost, amateur HuHu


Innate Abilities, Weirdness & Mutations

You have extremely sharp teeth.
Your natural rate of healing is unusually fast.
When hurt, damage is shared between your health and your magic reserves.
Your bite disrupts and absorbs the magic of your enemies.
Potions cannot restore your health.


Message History

Things that are here:
a jackal corpse; a jackal corpse You now have 173 gold pieces (gained 13).
A gnoll comes into view. It is wielding a +0 club.
The gnoll shouts!
You hear a shout!
A gnoll comes into view. It is wielding a +0 spear.
There are monsters nearby!
A gnoll comes into view. It is wielding a +0 halberd.
The gnoll shouts!
You block the gnoll's attack.
The gnoll hits you from afar with a +0 halberd.
You closely miss the gnoll. You bite the gnoll! You drain its power.
You feel invigorated.
The gnoll is heavily wounded.
The gnoll barely misses you. The gnoll hits you but does no damage.
You hit the gnoll but do no damage. You bite the gnoll, but do no damage.
The gnoll is heavily wounded.
You block the gnoll's attack. The gnoll hits you but does no damage.
You hit the gnoll. Your bite misses the gnoll.
The gnoll is severely wounded.
The gnoll hits you with a +0 club.
You hit the gnoll.
You kill the gnoll!
The gnoll hits you but does no damage. You block the gnoll's attack.
The gnoll hits you from afar with a +0 spear!
Things that are here:
a +0 club; a gnoll corpse You hit the gnoll.
The gnoll is moderately wounded.
The gnoll hits you with a +0 halberd!
The gnoll hits you from afar with a +0 spear.
* * * LOW HITPOINT WARNING * * *
You hit the gnoll. You drain the gnoll.
The gnoll is severely wounded.
The gnoll barely misses you.
The gnoll hits you from afar with a +0 spear.
* * * LOW HITPOINT WARNING * * *
The gnoll hits you from afar with a +0 halberd!
You die...

####### .......
....... #..g..
#.....
#...#############
#....gg)@.......#
#....#########.##
#....# #.# #....#
#.# ##...# #.#
#.### #.# .. #.#
#.# #.# #.#


You could see 2 gnolls.

Vanquished Creatures
  Sigmund (D:3)
  A gnoll (D:4)
  An adder (D:3)
  3 dart slugs
  7 endoplasms
  2 giant cockroaches (D:1)
  6 goblins
  5 hobgoblins
  3 jackals (D:4)
  4 kobolds
  4 quokkas
  3 ball pythons (D:1)
  7 bats
  2 frilled lizards (D:1)
  4 rats
53 creatures vanquished.

Notes
Turn   | Place    | Note
-------+----------+-------------------------------------------
     0 | D:1      | smashvw the Vine Stalker Fighter began the quest for the
                  | Orb.
     0 | D:1      | Reached XP level 1. HP: 11/11 MP: 2/2
   102 | D:1      | Reached XP level 2. HP: 14/14 MP: 3/3
   246 | D:1      | Reached XP level 3. HP: 20/20 MP: 4/4
   363 | D:1      | Reached skill level 1 in Short Blades
  1055 | D:3      | Noticed Sigmund
  1067 | D:3      | Killed Sigmund
  1068 | D:3      | Reached XP level 4. HP: 15/25 MP: 3/5
  1068 | D:3      | Reached XP level 5. HP: 17/29 MP: 3/6
  1305 | D:3      | Identified the +2 pair of boots of Ashrut {Rampage rElec
                  | Str-4 Int+2}
  1625 | D:4      | Found a runed translucent gate.
  1625 | D:4      | Found a runed translucent gate.
  1625 | D:4      | Found a runed translucent gate.
  1628 | D:4      | Reached XP level 6. HP: 33/33 MP: 7/7
  1628 | D:4      | Noticed Azoth's ghost (amateur HuHu)
  1725 | D:4      | Slain by a gnoll

Illustrated notes

Levels and vault maps discovered:
D:1:      nzn_arrival_settlement, layout_basic
D:2:      layout_rooms
D:3:      layout_basic, serial_curves, eino_curves_04, eino_curves_01,
          minivault_25, uniq_sigmund
D:4:      kennysheep_goblin_castle, layout_basic,
          nemelex_xobeh_ov_fountains_minmay, trog_wizard, temple_hall,
          serial_shops, shop_scrolls, nicolae_shop_waterfront, shop,
          nicolae_stop_n_shop_1, shop, gammafunk_ghost_necromancy

Skill      XL: |  1  2  3  4  5 |
---------------+----------------+-----
Maces & Flails | 2 |  2.0
Fighting       | 3 4 |  4.1
Shields        | 3 4 |  4.1
Short Blades   | 2 |  2.6
Armour         | |  2.4

Action                     |  1- 3 |  4- 6 || total
---------------------------+-------+-------++-------
  Melee: Flail             |    13 |       ||    13
         Bite              |    12 |     8 ||    20
         Short sword       |    58 |    35 ||    93
    Use: Potion            |     1 |       ||     1
 Armour: Scale mail        |    51 |     8 ||    59
         Chain mail        |       |    17 ||    17
  Dodge: Dodged            |    29 |     7 ||    36
  Block: Buckler           |    22 |     9 ||    31

Table legend: (Time is in decaauts)
 A = Elapsed time spent in this place.
 B = Non-inter-level travel time spent in this place.
 C = Inter-level travel time spent in this place.
 D = Time resting spent in this place.
 E = Time spent auto-exploring this place.
 F = Levels seen in this place.
 G = Mean time per level.
                   A        B        C        D        E       F      G
               +--------+--------+--------+--------+--------+-----+--------+
         Total |   1724 |   1687 |     37 |     47 |   1335 |   4 |  431.0 |
       Dungeon |   1724 |   1687 |     37 |     47 |   1335 |   4 |  431.0 |
               +--------+--------+--------+--------+--------+-----+--------+

Top non-repeatable levels by time:
     D:3: 592 daAuts
     D:1: 591 daAuts
     D:2: 442 daAuts
     D:4: 98 daAuts
